 Dungeon Sprint DCSS version 0.23-a0-607-g760965b (webtiles) character file.

474580 theanonym the Conqueror (level 18, 218/218 HPs)
             Began as a Deep Dwarf Gladiator on Dec 20, 2018.
             Was the Champion of Makhleb.
             Escaped with the Orb!
             The game lasted 00:18:47 (1501 turns).

theanonym the Conqueror (Deep Dwarf Gladiator)      Turns: 1501, Time: 00:18:48

Health: 218/218    AC: 50    Str: 34    XL:     18   Next: 85%
Magic:  32/39      EV: 27    Int:  5    God:    Makhleb [******]
Gold:   0          SH: 38    Dex: 17    Spells: 56/56 levels left

rFire    + + .     SeeInvis +   A - +14 obsidian axe {chop, +Fly SInv *Curse} (curse)
rCold    + + +     Gourm    .   u - +18 shield of the Gong {rElec rN+ MR+ EV-5}
rNeg     + + +     Faith    .   t - +15 Maxwell's patent armour {-Cast -Tele rElec MR+ rCorr}
rPois    +         Spirit   .   K - +5 helmet of the Sun {rC++ MR+ rCorr Int-4}
rElec    +         Reflect  .   (no cloak)
rCorr    +         Harm     .   R - +0 pair of fencer's gloves {Riposte Dex+3}
MR       +++++     Clarity  +   Y - +2 pair of boots {Fly} Stlth ..........NoTele +
                                Z - amulet of the Four Winds {rN+ MR+++ Clar}
HPRegen  0.00/turn NoCast   +   V - ring of Liliot {*Slow +Fly rC+ Str+3}
MPRegen  0.26/turn              X - ring of the Greedy {rF+ MR+ EV+5}

@: mighty, resistant, flying, very slightly contaminated, non-regenerating
A: damage resistance, heal wounds, negative energy resistance 1, sense
surroundings 3, no regeneration
0: Orb of Zot
a: Heal Wounds, Minor Destruction, Lesser Servant of Makhleb, Major Destruction,
Greater Servant of Makhleb, Renounce Religion, Stop Flying


Innate Abilities, Weirdness & Mutations

You are resistant to damage.
You can heal yourself by infusing magical energy.
You resist negative energy. (rN+)
You passively map a large area around you.
You do not regenerate.


   Skills:
 O Level 27 Fighting
 O Level 27 Axes
 - Level 1.7 Throwing
 O Level 27 Armour
 O Level 27 Dodging
 O Level 27 Shields
 + Level 19.7 Spellcasting


You had 56 spell levels left.
You didn't know any spells.
Your spell library was empty.

Skill      XL: |  1  2  3  4  5  6  7  8  9 10 11 12 13 14 15 16 17 18 |
---------------+-------------------------------------------------------+-----
Axes           | 8 10 12 13 14 17 18 19 20 22 24 27 | 27.0
Armour         | 4 6 7 8 12 13 14 16 17 21 22 25 27 | 27.0
Fighting       | 6 7 10 13 16 23 26 27 | 27.0
Shields        | 6 8 11 14 15 20 27 | 27.0
Dodging        | 7 9 12 15 18 21 25 27 | 27.0
Spellcasting   | 12 19 | 19.7
Throwing       | |  1.7

Action                   |  1- 3 |  4- 6 |  7- 9 | 10-12 | 13-15 | 16-18 || total
-------------------------+-------+-------+-------+-------+-------+-------++-------
Melee: Broad axe         |     1 |    16 |    38 |    99 |   238 |   260 ||   652
 Abil: Heal Wounds       |       |       |       |     2 |     9 |     2 ||    13
       Evoke Flight      |       |       |       |       |     2 |       ||     2
  Use: Potion            |     4 |       |     1 |       |     5 |     5 ||    15
       Scroll            |       |       |     4 |       |       |       ||     4
 Stab: Invisible         |       |       |       |    12 |       |    17 ||    29
       Distracted        |       |       |       |     3 |     4 |     9 ||    16
  Eat: Ration            |       |       |       |       |     1 |       ||     1
Armor: Gold dragon scale |       |     2 |    12 |    58 |   185 |   203 ||   460
       Plate armour      |       |       |       |       |       |     9 ||     9
Dodge: Dodged            |       |     2 |     2 |    22 |   118 |   352 ||   496
Block: Shield            |     1 |    17 |    47 |   148 |   568 |   719 ||  1500
       Reflection        |       |       |       |       |    31 |    76 ||   107
       Rpst.: Broad axe  |       |       |       |       |       |     2 ||     2

Inventory:

Hand Weapons
 A - the cursed +14 obsidian axe (weapon) {chop, +Fly SInv *Curse}

   It inflicts extra damage upon your enemies.
   It lets you see invisible.
   It lets you fly.
   It curses itself when equipped.
   It has a curse placed upon it.
Missiles
 d - 3 throwing nets (quivered)
Armour
 c - a +0 helmet
 g - a +0 pair of gloves of dexterity
 t - the +15 Maxwell's patent armour (worn) {-Cast -Tele rElec MR+ rCorr}

   It insulates you from electricity.
   It affects your resistance to hostile enchantments.
   It prevents spellcasting.
   It prevents most forms of teleportation.
   It provides partial protection from all sources of acid and corrosion.
 u - the +18 shield of the Gong (worn) {rElec rN+ MR+ EV-5}

   It affects your evasion (-5).
   It insulates you from electricity.
   It protects you from negative energy.
   It affects your resistance to hostile enchantments.
 z - +9 gold dragon scales
 K - the +5 helmet of the Sun (worn) {rC++ MR+ rCorr Int-4}

   It affects your intelligence (-4).
   It greatly protects you from cold.
   It affects your resistance to hostile enchantments.
   It provides partial protection from all sources of acid and corrosion.
 M - the +3 crown of Dyrovepreva {rElec Int+2 SInv}

   It affects your intelligence (+2).
   It insulates you from electricity.
   It lets you see invisible.
 O - the +1 pair of gloves "Daih" {Regen+}

   It increases your rate of regeneration.
 R - the +0 pair of fencer's gloves (worn) {Riposte Dex+3}

   It affects your dexterity (+3).
 T - a +1 pair of gloves of strength
 U - a +0 pair of boots of stealth
 Y - a +2 pair of boots of flying (worn)
Jewellery
 C - a +6 ring of dexterity
 D - a +6 ring of dexterity
 E - a +6 ring of intelligence
 F - a +6 ring of intelligence
 G - a +6 ring of strength
 H - a +6 ring of strength
 I - an uncursed ring of flight
 J - the ring of the Eagle {MP+9 Str+5 Dex+2}

   [ring of strength]

   It affects your strength (+5).
   It affects your dexterity (+2).
   It affects your magic capacity (+9).
 L - an uncursed ring of protection from fire
 N - the amulet "Bijair" {Gourm rElec}

   [amulet of the gourmand]

   It allows you to eat raw meat even when not hungry.
   It insulates you from electricity.
 P - the brooch of Shielding {Reflect SH+8}

   [amulet of reflection]

   It shields you and reflects attacks.
   It affects your SH (+8).
 V - the ring of Liliot (left hand) {*Slow +Fly rC+ Str+3}

   [ring of flight]

   It affects your strength (+3).
   It protects you from cold.
   It lets you fly.
   It may slow you when you take damage.
 W - the amulet "Uboy" {Reflect rC+ MR- Str+3 SH+2}

   [amulet of reflection]

   It shields you and reflects attacks.
   It affects your strength (+3).
   It protects you from cold.
   It affects your resistance to hostile enchantments.
   It affects your SH (+2).
 X - the ring of the Greedy (right hand) {rF+ MR+ EV+5}

   [ring of evasion]

   It affects your evasion (+5).
   It protects you from fire.
   It affects your resistance to hostile enchantments.
 Z - the amulet of the Four Winds (around neck) {rN+ MR+++ Clar}

   [amulet of nothing]

   It protects you from negative energy.
   It affects your resistance to hostile enchantments.
   It protects you against confusion.
Wands
 v - a wand of acid (7)
 x - a wand of disintegration (7)
 y - a wand of iceblast (7)
Scrolls
 f - 7 scrolls of fog
 l - 4 scrolls of amnesia
 n - 5 scrolls of remove curse
 o - a scroll of holy word
 r - 5 scrolls of identify
 s - 2 scrolls of fear
 B - 4 scrolls of blinking
Potions
 a - 2 potions of brilliance
 h - 2 potions of haste
 i - 7 potions of magic
 j - 2 potions of agility
 k - 3 potions of berserk rage
 m - 4 potions of might
 p - 2 potions of resistance
 q - 18 potions of heal wounds
 w - 10 potions of curing
Miscellaneous
 Q - 3 phantom mirrors
Comestibles
 e - 6 rations You escaped. You worshipped Makhleb. Makhleb was exalted by your worship. You were not hungry. You visited 1 branch

Dungeon Overview and Level Annotations

Branches:
Dungeon (1/1)

Altars:
Ashenzari
Cheibriados
Dithmenos
Elyvilon
Fedhas
Gozag
Hepliaklqana
Kikubaaqudgha
Makhleb
Nemelex Xobeh
Okawaru
Qazlal
Ru
Sif Muna
Trog
Uskayaw
Vehumet
Wu Jian
Xom
Yredelemnul
Zin
The Shining One
Beogh
Jiyva
Lugonu

≈.≈≈.§§≈§.≈≈▓..▓.......▓..▓...8©8
.≈≈..§§.≈.≈.▓.▓▓▓.....▓▓▓.▓..|)=:
.≈≈≈.§.≈≈≈.≈▓..▓.......▓..▓..=:[[
≈.)(≈(...≈.≈▓.P.........P.▓......
.≈≈.≈≈.≈..≈≈▓......©.....P▓......
..)))).≈.≈≈≈▓▓▓▓▓▓▓▓▓▓▓▓▓▓▓......
▓.)()≈≈≈▓≈≈≈▓8888888888888▓.....)
▓▓))(†≈▓▓▓≈≈▓8...3.......8▓..▓)†.
▓≈.).≈..▓≈.≈▓8..@4....©..8▓.▓).[.
≈....≈≈.≈≈≈.▓8...3.......8▓....©.
...≈©≈.≈≈≈..▓8888888888888▓▓▓▓▓▓▓
▓▓▓▓▓▓▓▓▓▓▓▓▓▓▓▓▓▓▓▓▓▓▓▓▓▓▓▓▓▓▓▓▓
.....8©8....(...▓........8©8.....
.:):[))|}(|[.:}.▓.[|:=)))})"=|):}
[).:[(...}......▓.}:?:)})?==)=))[
:.}):((((((()})(▓.[[)):=})}|[|)[=
.......(.()(())(▓.......=|[):....


You could see a friendly sun demon, a friendly orange demon and a friendly smoke
demon.

Notes
Turn   | Place    | Note
-------+----------+-------------------------------------------
     0 | D        | Found the +6 Majin-Bo {vamp, Archmagi MP+6 Int+6}
     0 | D        | Found the +7 great mace "Firestarter" {inner flame, rF++}
     0 | D        | theanonym the Deep Dwarf Gladiator began the quest for the
                  | Orb.
     0 | D        | Reached XP level 1. HP: 19/19 MP: 1/1
     0 | D        | Found a blossoming altar of Fedhas.
     8 | D        | Found a deep blue altar of Sif Muna.
     8 | D        | Found a sacrificial altar of Ru.
     8 | D        | Found a bloodstained altar of Trog.
     8 | D        | Found a stormy altar of Qazlal.
     8 | D        | Found an iron altar of Okawaru.
     8 | D        | Found a sparkling altar of Nemelex Xobeh.
    10 | D        | Found a transporter.
    10 | D        | Found an ancient bone altar of Kikubaaqudgha.
    10 | D        | Found a viscous altar of Jiyva.
    10 | D        | Found a corrupted altar of Lugonu.
    10 | D        | Found a hazy altar of Hepliaklqana.
    10 | D        | Found a burning altar of Makhleb.
    10 | D        | Found an opulent altar of Gozag.
    25 | D        | Found the +9 heavy crossbow "Sniper" {velocity, Acc+∞ SInv}
    25 | D        | Found the +10 dark maul {crush}
    25 | D        | Found the +15 Maxwell's patent armour {-Cast -Tele rElec
                  | MR+ rCorr}
    25 | D        | Found the +18 shield of the Gong {rElec rN+ MR+ EV-5}
    25 | D        | Found the cursed +14 obsidian axe {chop, +Fly SInv *Curse}
    27 | D        | Found the +6 shillelagh "Devastator" {shatter}
    27 | D        | Found the +11 plutonium sword {*Contam Stlth-}
    27 | D        | Found the +8 lance "Wyrmbane" {slay drac, rPois rF+ rC+
                  | AC+3}
    27 | D        | Found the +9 sword of Zonguldrok {reap}
    27 | D        | Found the cursed +13 scythe of Curses {drain, *Curse}
    27 | D        | Found the +0 sword of Power
    27 | D        | Found the +7 mace of Variability {chain chaos}
    27 | D        | Found the +7 Singing Sword {slice, sonic wave}
    27 | D        | Found the +7 longbow "Piercer" {penet, EV-2}
    31 | D        | Became a worshipper of Makhleb the Destroyer
   128 | D        | Reached skill level 8 in Axes
   128 | D        | Reached XP level 2. HP: 26/26 MP: 2/2
   132 | D        | Entered arena 2.
   132 | D        | Noticed a porcupine
   132 | D        | Found a transporter.
   134 | D        | Killed a porcupine
   134 | D        | Reached skill level 10 in Axes
   134 | D        | Reached skill level 4 in Armour
   134 | D        | Reached XP level 3. HP: 25/32 MP: 3/3
   134 | D        | Reached XP level 4. HP: 31/39 MP: 4/4
   139 | D        | Entered arena 3.
   139 | D        | Noticed a water moccasin
   139 | D        | Noticed a naga
   139 | D        | Found a transporter.
   142 | D        | Killed a water moccasin
   142 | D        | Reached * piety under Makhleb
   142 | D        | Reached skill level 12 in Axes
   142 | D        | Reached skill level 6 in Armour
   142 | D        | Reached XP level 5. HP: 36/45 MP: 5/5
   146 | D        | Killed a naga
   146 | D        | Reached skill level 13 in Axes
   146 | D        | Reached skill level 7 in Armour
   146 | D        | Reached XP level 6. HP: 41/52 MP: 6/6
   151 | D        | Entered arena 4.
   151 | D        | Found a transporter.
   153 | D        | Reached ** piety under Makhleb
   170 | D        | Entered arena 5.
   170 | D        | Found a transporter.
   172 | D        | Reached *** piety under Makhleb
   175 | D        | Reached skill level 8 in Armour
   180 | D        | Got the ring of the Eagle {MP+9 Str+5 Dex+2}
   184 | D        | Entered arena 6.
   184 | D        | Noticed a flying skull
   184 | D        | Found a transporter.
   185 | D        | Found the +10 Black Knight's horse barding {ponderous,
                  | rPois rN+}
   187 | D        | Reached **** piety under Makhleb
   188 | D        | Killed a flying skull
   188 | D        | Reached skill level 14 in Axes
   188 | D        | Reached XP level 7. HP: 58/58 MP: 6/7
   189 | D        | Reached skill level 9 in Armour
   191 | D        | Reached ***** piety under Makhleb
   196 | D        | Got the ring of Raadot {Ice rPois Str-4 Int+3 Dex+6}
   200 | D        | Entered arena 7.
   200 | D        | Noticed a tentacled starspawn
   201 | D        | Identified the cursed +1 spear of Ravage {pain, Dex+3}
   201 | D        | Found a transporter.
   204 | D        | Reached skill level 15 in Axes
   208 | D        | Killed a tentacled starspawn
   208 | D        | Reached skill level 17 in Axes
   208 | D        | Reached skill level 12 in Armour
   208 | D        | Reached XP level 8. HP: 66/66 MP: 8/8
   208 | D        | Gained mutation: You passively map the area around you.
                  | [Deep Dwarf growth]
   208 | D        | Reached XP level 9. HP: 73/73 MP: 9/9
   218 | D        | Entered arena 8.
   218 | D        | Noticed a naga mage
   219 | D        | Found a transporter.
   222 | D        | Reached ****** piety under Makhleb
   224 | D        | Killed a naga mage
   224 | D        | Reached skill level 2 in Fighting
   224 | D        | Reached skill level 18 in Axes
   224 | D        | Reached skill level 1 in Shields
   226 | D        | Reached skill level 4 in Dodging
   226 | D        | Reached skill level 2 in Shields
   232 | D        | Entered arena 9.
   232 | D        | Noticed a black mamba
   233 | D        | Found a transporter.
   237 | D        | Killed a black mamba
   237 | D        | Reached skill level 3 in Fighting
   237 | D        | Reached skill level 3 in Shields
   237 | D        | Reached skill level 5 in Dodging
   246 | D        | Got the ring of Plog {Fire rElec MP+9}
   250 | D        | Entered arena 10.
   251 | D        | Identified the +6 dagger of Eternal Vigilance {drain, rF+}
   252 | D        | Found a transporter.
   259 | D        | Reached skill level 4 in Fighting
   259 | D        | Reached skill level 4 in Shields
   272 | D        | Entered arena 11.
   273 | D        | Found the +3 crown of Dyrovepreva {rElec Int+2 SInv}
   273 | D        | Found a transporter.
   301 | D        | Got the amulet "Bijair" {Gourm rElec}
   312 | D        | Entered arena 12.
   312 | D        | Noticed a red draconian
   312 | D        | Noticed a purple draconian
   312 | D        | Noticed an Orb Guardian
   312 | D        | Noticed a black draconian
   312 | D        | Noticed an Orb Guardian
   312 | D        | Noticed a green draconian
   312 | D        | Noticed a black draconian
   313 | D        | Identified the +8 broad axe of Dissolution {venom, rF++}
   313 | D        | Noticed a yellow draconian
   313 | D        | Noticed a purple draconian
   313 | D        | Noticed a purple draconian
   314 | D        | Found the +7 Kryia's mail coat {PotionHeal*2 rC+}
   314 | D        | Found a transporter.
   319 | D        | Killed an Orb Guardian
   319 | D        | Reached skill level 6 in Fighting
   319 | D        | Reached skill level 13 in Armour
   319 | D        | Reached skill level 7 in Dodging
   319 | D        | Reached skill level 6 in Shields
   319 | D        | Reached XP level 10. HP: 91/91 MP: 10/10
   321 | D        | Killed an Orb Guardian
   321 | D        | Reached skill level 7 in Fighting
   321 | D        | Reached skill level 19 in Axes
   321 | D        | Reached skill level 14 in Armour
   321 | D        | Reached skill level 9 in Dodging
   321 | D        | Reached skill level 8 in Shields
   325 | D        | Killed a black draconian
   325 | D        | Reached XP level 11. HP: 100/100 MP: 11/11
   326 | D        | Killed a purple draconian
   326 | D        | Reached skill level 9 in Shields
   332 | D        | Killed a red draconian
   332 | D        | Reached skill level 8 in Fighting
   334 | D        | Killed a purple draconian
   334 | D        | Reached skill level 10 in Dodging
   335 | D        | Killed a black draconian
   335 | D        | Reached skill level 15 in Armour
   336 | D        | Killed a purple draconian
   336 | D        | Reached skill level 10 in Shields
   337 | D        | Killed a green draconian
   337 | D        | Reached skill level 9 in Fighting
   337 | D        | Reached skill level 11 in Dodging
   341 | D        | Killed a yellow draconian
   341 | D        | Reached skill level 20 in Axes
   347 | D        | Got the +1 pair of gloves "Daih" {Regen+}
   360 | D        | Entered arena 13.
   360 | D        | Noticed a spriggan defender
   360 | D        | Noticed a wolf spider
   360 | D        | Noticed a spriggan rider
   360 | D        | Noticed a wolf spider
   360 | D        | Noticed a spriggan defender
   360 | D        | Noticed a spriggan air mage
   362 | D        | Noticed a spriggan berserker
   369 | D        | HP: 53/106 [wolf spider (4)]
   370 | D        | Killed a wolf spider
   370 | D        | Reached skill level 11 in Shields
   371 | D        | Killed a wolf spider
   374 | D        | Killed a spriggan defender
   374 | D        | Reached skill level 10 in Fighting
   375 | D        | HP: 34/108 [spriggan defender/+1 lajatang of speed (9)]
   376 | D        | HP: 9/108 [spriggan berserker/+5 hand axe of freezing (25)]
   378 | D        | Killed a spriggan defender
   378 | D        | Reached skill level 16 in Armour
   378 | D        | Reached skill level 12 in Dodging
   378 | D        | Reached XP level 12. HP: 26/116 MP: 12/12
   380 | D        | Reached skill level 12 in Shields
   380 | D        | Killed a spriggan air mage
   381 | D        | Found a transporter.
   397 | D        | Entered arena 14.
   398 | D        | Noticed a seven-headed hydra
   400 | D        | Found a transporter.
   400 | D        | Noticed an eight-headed hydra
   407 | D        | Killed a 12-headed hydra
   407 | D        | Reached skill level 11 in Fighting
   407 | D        | Reached skill level 13 in Dodging
   413 | D        | Killed a 12-headed hydra
   413 | D        | Reached skill level 13 in Shields
   425 | D        | Entered arena 15.
   426 | D        | Noticed a spriggan air mage
   426 | D        | Noticed a storm dragon
   426 | D        | Noticed a spriggan air mage
   426 | D        | Noticed a storm dragon
   427 | D        | Identified the +7 war axe of Checks and Balances {chop,
                  | Str+7 Int-5 Dex+9}
   428 | D        | Found a transporter.
   436 | D        | Killed a storm dragon
   436 | D        | Reached skill level 17 in Armour
   438 | D        | Killed a storm dragon
   438 | D        | Reached skill level 12 in Fighting
   438 | D        | Reached skill level 14 in Dodging
   441 | D        | Killed a spriggan air mage
   443 | D        | Killed a spriggan air mage
   459 | D        | Entered arena 16.
   460 | D        | Noticed a ghoul
   460 | D        | Noticed a shadow dragon
   468 | D        | Killed a ghoul
   477 | D        | Reached skill level 15 in Dodging
   484 | D        | Killed a shadow dragon
   484 | D        | Reached skill level 13 in Fighting
   484 | D        | Reached skill level 14 in Shields
   484 | D        | Reached XP level 13. HP: 131/133 MP: 13/13
   485 | D        | Found a transporter.
   494 | D        | Entered arena 17.
   498 | D        | Identified the ring "Cicuoxki" {rF+ Str+6 Int+2 Dex+2}
   498 | D        | Identified the cursed +2 short sword "Feihehin" {pierce,
                  | Fragile rElec Int+4 Dex-4}
   499 | D        | Found a transporter.
   507 | D        | Reached skill level 18 in Armour
   508 | D        | Reached skill level 16 in Dodging
   523 | D        | Reached skill level 14 in Fighting
   529 | D        | HP: 59/135 [acid (14)]
   536 | D        | HP: 51/135 [oklob plant/splash of acid (2)]
   546 | D        | Got the ring "Ulolezi" {Str-4 Int+3 Dex+8}
   564 | D        | Entered arena 18.
   569 | D        | Noticed an acid blob
   569 | D        | Noticed a death ooze
   569 | D        | Noticed a death ooze
   569 | D        | Noticed an azure jelly
   570 | D        | Found the brooch of Shielding {Reflect SH+8}
   570 | D        | Found the ring of Shadows {Umbra +Inv Stlth+}
   570 | D        | Found the +8 storm bow {elec}
   572 | D        | Found a transporter.
   578 | D        | Killed an azure jelly
   578 | D        | Reached skill level 19 in Armour
   578 | D        | Reached skill level 17 in Dodging
   578 | D        | Reached skill level 15 in Shields
   579 | D        | Paralysed by a floating eye for 2 turns
   580 | D        | Killed a death ooze
   586 | D        | Killed a death ooze
   586 | D        | Reached skill level 15 in Fighting
   588 | D        | Paralysed by a floating eye for 3 turns
   589 | D        | Killed an acid blob
   589 | D        | Reached skill level 18 in Dodging
   598 | D        | Reached skill level 20 in Armour
   683 | D        | Entered arena 19.
   686 | D        | Noticed an apis
   686 | D        | Noticed a thorn hunter
   686 | D        | Noticed a dire elephant
   687 | D        | Noticed a thorn hunter
   687 | D        | Noticed a spriggan defender
   688 | D        | Found the +0 pair of fencer's gloves {Riposte Dex+3}
   688 | D        | Found a transporter.
   692 | D        | Reached skill level 16 in Fighting
   698 | D        | Killed a spriggan defender
   701 | D        | Killed a dire elephant
   704 | D        | Killed a thorn hunter
   704 | D        | Reached skill level 21 in Armour
   706 | D        | Gained mutation: You resist negative energy. (rN+) [Deep
                  | Dwarf growth]
   706 | D        | Reached XP level 14. HP: 117/151 MP: 12/12
   709 | D        | Killed an apis
   709 | D        | Reached skill level 17 in Fighting
   715 | D        | Reached skill level 18 in Fighting
   715 | D        | Killed a thorn hunter
   733 | D        | Entered arena 20.
   738 | D        | Noticed a greater mummy
   738 | D        | Noticed a greater mummy
   738 | D        | Noticed a greater mummy
   745 | D        | Found a transporter.
   745 | D        | Identified the cursed +1 long sword "Wuuw Ycu" {slice,
                  | *Corrode rPois rC+++ Dex+2}
   753 | D        | Killed a greater mummy
   753 | D        | Reached skill level 20 in Fighting
   758 | D        | HP: 79/161 [greater mummy (4)]
   759 | D        | Noticed an emperor scorpion
   762 | D        | Noticed an emperor scorpion
   762 | D        | Noticed an emperor scorpion
   762 | D        | Noticed an emperor scorpion
   765 | D        | HP: 62/155 [something (1)]
   767 | D        | Killed a greater mummy
   767 | D        | Reached skill level 21 in Fighting
   777 | D        | HP: 71/152 [greater mummy/+4 bardiche of protection (12)]
   782 | D        | Noticed an emperor scorpion
   782 | D        | Noticed an emperor scorpion
   782 | D        | Noticed an emperor scorpion
   782 | D        | Noticed an emperor scorpion
   783 | D        | Killed a greater mummy
   783 | D        | Reached skill level 22 in Fighting
   803 | D        | Got the amulet of Light {Inacc MR- Int+8}
   812 | D        | Entered arena 21.
   812 | D        | Identified the ring "Veamadgh" {rF+ Dex+4 Slay+3 SInv}
   812 | D        | Noticed a vampire knight
   817 | D        | Killed a vampire knight
   817 | D        | Noticed a lich
   818 | D        | Noticed a vampire knight
   818 | D        | Identified the +2 flail of the Invisible Wishes {antimagic,
                  | Str+3}
   818 | D        | Identified the cursed +1 falchion of Detuis {chaos, *Contam
                  | rN+ Str+4}
   819 | D        | Noticed an ancient lich
   823 | D        | Killed a lich
   827 | D        | Killed a vampire knight
   832 | D        | Reached skill level 23 in Fighting
   833 | D        | Noticed a balrug
   833 | D        | Killed an ancient lich
   833 | D        | Reached XP level 15. HP: 179/181 MP: 13/13
   835 | D        | Reached skill level 24 in Fighting
   845 | D        | Found a transporter.
   853 | D        | Got the ring of Liliot {*Slow +Fly rC+ Str+3}
   859 | D        | Entered arena 22.
   868 | D        | Identified the +1 robe "Foyssohui" {+Inv rC+}
   877 | D        | Reached skill level 25 in Fighting
   882 | D        | Reached skill level 19 in Dodging
   918 | D        | Noticed a kraken
   918 | D        | Noticed a kraken
   919 | D        | Noticed a kraken
   926 | D        | Found a transporter.
   926 | D        | Killed a kraken
   931 | D        | Killed a kraken
   933 | D        | Killed a kraken
   933 | D        | Reached skill level 21 in Axes
   939 | D        | Reached skill level 22 in Armour
   946 | D        | Entered arena 23.
   952 | D        | Noticed a deep elf master archer
   952 | D        | Noticed a deep elf blademaster
   952 | D        | Noticed a deep elf master archer
   953 | D        | Noticed a deep elf blademaster
   953 | D        | Noticed a deep elf sorcerer
   953 | D        | Noticed a deep elf blademaster
   953 | D        | Identified the +5 morningstar of Conflict {drain, rF+}
   953 | D        | Noticed a deep elf sorcerer
   954 | D        | Noticed a deep elf sorcerer
   954 | D        | Identified the amulet of Gadusi {Harm *Drain Int+2}
   954 | D        | Identified the +0 robe "Siluiryps" {MR+}
   955 | D        | Noticed a deep elf master archer
   956 | D        | Reached skill level 20 in Dodging
   958 | D        | Noticed a deep elf master archer
   959 | D        | Found a transporter.
   962 | D        | Killed a deep elf blademaster
   967 | D        | Killed a deep elf blademaster
   969 | D        | Killed a deep elf master archer
   970 | D        | Killed a deep elf sorcerer
   971 | D        | Killed a deep elf master archer
   972 | D        | Killed a deep elf blademaster
   972 | D        | Reached skill level 26 in Fighting
   972 | D        | Reached skill level 22 in Axes
   973 | D        | Killed a deep elf sorcerer
   973 | D        | Reached skill level 21 in Dodging
   973 | D        | Reached XP level 16. HP: 196/196 MP: 14/14
   978 | D        | Reached skill level 23 in Armour
   979 | D        | Killed a deep elf master archer
   984 | D        | Killed a deep elf master archer
  1008 | D        | Entered arena 24.
  1016 | D        | Found the +5 robe of Misfortune {*Contam Harm *Corrode
                  | *Drain *Slow EV+5}
  1019 | D        | Reached skill level 22 in Dodging
  1036 | D        | Reached skill level 23 in Axes
  1041 | D        | Reached skill level 24 in Armour
  1041 | D        | Reached skill level 23 in Dodging
  1048 | D        | Found a transporter.
  1062 | D        | Got the amulet "Uboy" {Reflect rC+ MR- Str+3 SH+2}
  1102 | D        | Entered arena 25.
  1102 | D        | Identified the ring of Morality {Wiz rF+}
  1102 | D        | Identified the cursed +1 hunting sling "Dragonbane"
                  | {freeze, rC+ Str+4 Dex+3}
  1102 | D        | Identified the ring of Isulint {Ice rElec rPois Dex-3}
  1108 | D        | Identified the ring of Ynkeonui {rElec rN+ MP+9}
  1114 | D        | Identified the cursed +1 plate armour "Dierchej" {+Blink
                  | Str+4 Dex-2}
  1114 | D        | Noticed a lich
  1114 | D        | Noticed a lich
  1118 | D        | Noticed an ancient lich
  1125 | D        | Reached skill level 24 in Dodging
  1127 | D        | Killed a lich
  1127 | D        | Reached skill level 27 in Fighting
  1129 | D        | Killed a lich
  1134 | D        | Killed an ancient lich
  1134 | D        | Reached skill level 24 in Axes
  1134 | D        | Reached skill level 25 in Armour
  1134 | D        | Reached skill level 25 in Dodging
  1145 | D        | Reached XP level 17. HP: 208/208 MP: 15/15
  1170 | D        | Found a transporter.
  1179 | D        | Got the ring of the Greedy {rF+ MR+ EV+5}
  1193 | D        | Entered arena 26.
  1202 | D        | Noticed a deep elf master archer
  1202 | D        | Noticed a deep elf master archer
  1203 | D        | Identified the +1 bardiche of Haudyulo {elec, Dex+3}
  1203 | D        | Noticed a deep elf master archer
  1204 | D        | Found the amulet of the Four Winds {rN+ MR+++ Clar}
  1204 | D        | Noticed a deep elf master archer
  1204 | D        | Noticed a deep elf master archer
  1205 | D        | Found a transporter.
  1206 | D        | Reached skill level 25 in Axes
  1208 | D        | Noticed a deep elf master archer
  1213 | D        | Killed a deep elf master archer
  1213 | D        | Reached skill level 26 in Dodging
  1215 | D        | Reached skill level 26 in Armour
  1217 | D        | Killed a deep elf master archer
  1220 | D        | Killed a deep elf master archer
  1222 | D        | Killed a deep elf master archer
  1223 | D        | Reached skill level 26 in Axes
  1228 | D        | Reached skill level 27 in Dodging
  1230 | D        | Killed a deep elf master archer
  1230 | D        | Reached skill level 27 in Armour
  1235 | D        | Reached skill level 27 in Axes
  1235 | D        | Killed a deep elf master archer
  1235 | D        | Reached skill level 2 in Spellcasting
  1235 | D        | Reached skill level 3 in Spellcasting
  1236 | D        | Reached skill level 4 in Spellcasting
  1237 | D        | Reached skill level 16 in Shields
  1238 | D        | Reached skill level 5 in Spellcasting
  1243 | D        | Reached skill level 6 in Spellcasting
  1247 | D        | Reached skill level 17 in Shields
  1247 | D        | Reached skill level 7 in Spellcasting
  1252 | D        | Reached skill level 8 in Spellcasting
  1281 | D        | Entered arena 27.
  1299 | D        | Reached skill level 18 in Shields
  1300 | D        | Reached skill level 9 in Spellcasting
  1309 | D        | Reached skill level 10 in Spellcasting
  1312 | D        | Reached skill level 19 in Shields
  1315 | D        | Reached skill level 11 in Spellcasting
  1321 | D        | Reached skill level 20 in Shields
  1324 | D        | Reached skill level 12 in Spellcasting
  1332 | D        | Gained mutation: You passively map a large area around you.
                  | [Deep Dwarf growth]
  1332 | D        | Reached XP level 18. HP: 174/218 MP: 0/32
  1344 | D        | Found the +8 Wrath of Trog {antimagic, *Rage}
  1345 | D        | Found a transporter.
  1379 | D        | Got the +5 helmet of the Sun {rC++ MR+ rCorr Int-4}
  1409 | D        | Entered arena 28.
  1423 | D        | Noticed a lich
  1423 | D        | Identified the amulet "Wiynuv" {Spirit *Contam Str+3}
  1424 | D        | Noticed an ancient lich
  1424 | D        | Noticed a lich
  1424 | D        | Identified the ring of the Eleven Spirits {rElec rC+}
  1425 | D        | Found the -2 hat of the Alchemist {rElec rPois rF+ rC+ rN+
                  | MR+ rMut rCorr}
  1425 | D        | Found the +2 pair of boots of the Assassin {Detection Stab+
                  | Stlth++}
  1425 | D        | Noticed a lich
  1425 | D        | Identified the +9 hand crossbow of Defiance {speed, +Fly
                  | rC+ Dex+4}
  1425 | D        | Noticed a lich
  1425 | D        | Identified the +1 robe of the Gusle {rCorr Dex-5 Slay+3
                  | SInv}
  1425 | D        | Noticed a lich
  1425 | D        | Identified the +6 trident of Xomakkes {venom, rF- Str+5
                  | Dex+4}
  1425 | D        | Noticed a lich
  1426 | D        | Noticed an ancient lich
  1427 | D        | Found the +8 arc blade {discharge, rElec}
  1427 | D        | Found the +4 dagger "Morg" {pain, MR+ Int+5}
  1428 | D        | Identified the +1 plate armour "Tefuph" {rF+ Regen+}
  1428 | D        | Reached skill level 21 in Shields
  1428 | D        | Reached skill level 13 in Spellcasting
  1430 | D        | Killed a lich
  1433 | D        | Identified the amulet "Uluepei" {Spirit MR+}
  1437 | D        | Noticed a Hell Sentinel
  1439 | D        | Reached skill level 14 in Spellcasting
  1442 | D        | Killed a lich
  1442 | D        | Reached skill level 22 in Shields
  1445 | D        | Killed an ancient lich
  1445 | D        | Reached skill level 23 in Shields
  1445 | D        | Reached skill level 15 in Spellcasting
  1447 | D        | Reached skill level 16 in Spellcasting
  1448 | D        | Killed a lich
  1449 | D        | Reached skill level 24 in Shields
  1450 | D        | Killed a lich
  1451 | D        | Reached skill level 17 in Spellcasting
  1452 | D        | Killed an ancient lich
  1452 | D        | Reached skill level 25 in Shields
  1456 | D        | Reached skill level 18 in Spellcasting
  1460 | D        | Killed a lich
  1460 | D        | Reached skill level 26 in Shields
  1463 | D        | Killed a lich
  1464 | D        | Reached skill level 19 in Spellcasting
  1476 | D        | Found a transporter.
  1485 | D        | Reached skill level 27 in Shields
  1496 | D        | Got the Orb of Zot
  1501 | D        | Escaped with the Orb!

Vanquished Creatures
  4 ancient liches (D)
  3 greater mummies (D)
  3 deep elf blademasters (D)
  2 Orb Guardians (D)
  6 deep elf master archers (D)
  7 liches (D)
  A tentacled starspawn (D)
  A kraken (D)
  A thorn hunter (D)
  2 storm dragons (D)
  4 shadow dragons (D)
  5 ghost moths (D)
  2 emperor scorpions (D)
  3 deep elf sorcerers (D)
  3 entropy weavers (D)
  2 spriggan defenders (D)
  21 stone giants (D)
  An apis (D)
  4 ghouls (D)
  5 vampire knights (D)
  A green draconian (D)
  3 deep elf annihilators (D)
  2 black draconians (D)
  A dire elephant (D)
  A yellow draconian (D)
  3 purple draconians (D)
  A red draconian (D)
  7 merfolk javelineers (D)
  A death ooze (D)
  3 merfolk impalers (D)
  2 deep elf high priests (D)
  5 yaktaur captains (D)
  A great orb of eyes (D)
  2 hydras (D)
  2 shambling mangroves (D)
  6 spriggan air magi (D)
  A merfolk avatar (D)
  14 vault guards (D)
  3 merfolk aquamancers (D)
  6 centaur warriors (D)
  4 vampire magi (D)
  8 spriggan berserkers (D)
  2 soul eaters (D)
  A deep elf knight (D)
  5 skeletal warriors (D)
  4 spriggans (D)
  2 sea snakes (D)
  A deep elf archer (D)
  7 deep elf magi (D)
  8 necromancers (D)
  16 wolf spiders (D)
  An oklob plant (D)
  3 orb spiders (D)
  8 cyclopes (D)
  8 moths of wrath (D)
  4 manticores (D)
  An elephant (D)
  A black mamba (D)
  2 water nymphs (D)
  A spiny frog (D)
  4 dryads (D)
  5 yaktaurs (D)
  7 demonic crawlers (D)
  A komodo dragon (D)
  3 guardian mummies (D)
  10 jumping spiders (D)
  2 wind drakes (D)
  18 hornets (D)
  3 slime creatures (D)
  5 flying skulls (D)
  3 air elementals (D)
  2 water elementals (D)
  8 redbacks (D)
  9 tarantellas (D)
  3 vampires (D)
  4 shadows (D)
  A yak (D)
  A golden eye (D)
  An ushabti (D)
  A fire elemental (D)
  2 insubstantial wisps (D)
  3 nagas (D)
  A water moccasin (D)
  2 hell hounds (D)
  A porcupine (D)
  4 necrophages (D)
  A wolf (D)
  2 centaurs (D)
  4 crocodiles (D)
  A bullfrog (D)
  4 crimson imps (D)
  A jelly (D)
  An iron imp (D)
  2 iguanas (D)
  6 mummies (D)
  2 adders (D)
  A shadow imp (D)
  2 ufetubi (D)
  An ooze (D)
  2 spectral adders (D)
  4 adder zombies (D)
  3 adder skeletons (D)
  5 ball pythons (D)
  6 bat skeletons (D)
  4 bat zombies (D)
  2 jackals (D)
  A ball python zombie (D)
  A giant cockroach zombie (D)
  2 jackal skeletons (D)
  A leopard gecko zombie (D)
  A quokka simulacrum (D)
  A quokka zombie (D)
  A briar patch (D)
  3 butterflies (D)
  2 crawling corpses (D)
  2 starspawn tentacles (D)
  10 tentacles (D)
415 creatures vanquished.

Vanquished Creatures (collateral kills)
  A lich (D)
  2 krakens (D)
  An acid blob (D)
  A thorn hunter (D)
  A shadow dragon (D)
  An azure jelly (D)
  A spriggan defender (D)
  A ghoul (D)
  A vampire knight (D)
  A merfolk javelineer (D)
  2 merfolk impalers (D)
  A death ooze (D)
  A great orb of eyes (D)
  2 vault guards (D)
  A shambling mangrove (D)
  A spriggan air mage (D)
  2 centaur warriors (D)
  A vampire mage (D)
  2 spriggan berserkers (D)
  4 skeletal warriors (D)
  A necromancer (D)
  5 orb spiders (D)
  2 deep elf magi (D)
  An oklob plant (D)
  A shining eye (D)
  An eye of devastation (D)
  A naga mage (D)
  3 yaktaurs (D)
  A jumping spider (D)
  A wind drake (D)
  6 hornets (D)
  A slime creature (D)
  2 hippogriffs (D)
  A yak (D)
  A redback (D)
  A spriggan (D)
  A shadow (D)
  2 tarantellas (D)
  An ushabti (D)
  2 vampires (D)
  A naga (D)
  A hell hound (D)
  A floating eye (D)
  A water moccasin (D)
  A porcupine (D)
  A necrophage (D)
  A centaur (D)
  4 wights (D)
  A crimson imp (D)
  An iron imp (D)
  A jelly (D)
  3 mummies (D)
  A shadow imp (D)
  3 adder zombies (D)
  An adder skeleton (D)
  2 bat skeletons (D)
  A ball python (D)
  A giant cockroach zombie (D)
  3 jackal skeletons (D)
  A leopard gecko skeleton (D)
  2 spectral quokkas (D)
  3 butterflies (D)
  A starspawn tentacle (D)
  A tentacle (D)
100 creatures vanquished.

Vanquished Creatures (others)
  A lich (D)
  4 deep elf master archers (D)
  2 stone giants (D)
  4 merfolk javelineers (D)
  2 yaktaur captains (D)
  6 vault guards (D)
  2 deep elf magi (D)
  A deep elf archer (D)
  2 cyclopes (D)
  A manticore (D)
  4 yaktaurs (D)
  A water elemental (D)
  3 insubstantial wisps (D)
  2 centaurs (D)
  A wight (D)
  8 briar patches (D)
  A starspawn tentacle (D)
  17 tentacles (D)
62 creatures vanquished.

Grand Total: 577 creatures vanquished

Table legend:
 A = Turns spent in this place as a percentage of turns spent in the entire game.
 B = Non-inter-level travel turns spent in this place as a percentage of non-inter-level travel turns spent in the entire game.
 C = Inter-level travel turns spent in this place as a percentage of turns spent in this place.
 D = Turns resting spent in this place as a percentage of non-inter-level travel turns spent in this place.
 E = Turns spent auto-exploring this place as a percentage of non-inter-level travel turns spent in this place.
 F = Non-inter-level travel turns spent in this place divided by the number of levels of this place that you've seen.
                   A       B       C       D       E      F
               +-------+-------+-------+-------+-------+----------------------
         Total | 100.0 | 100.0 |   0.0 |   6.5 |   2.4 | 1501.0
       Dungeon | 100.0 | 100.0 |   0.0 |   6.5 |   2.4 | 1501.0
               +-------+-------+-------+-------+-------+----------------------
